Map: New Gettysburg LE

Players

iAsonu - Winner!

  • Race: Zerg Zerg

ShoWTimE

  • Race: Protoss Protoss

Event: IEM Season 11 - Shanghai

VOD

Have the link to the VOD?

Description

Time

  • Played on: July 27, 2016, 6:34 a.m.
  • Length: 8:22

All games in this series

Show
View Real Time Build Order
Export as new Build Order

iAsonu Zerg - Winner!

Build Orders: Hatch First 

Get SALT Encoding   

  12  0:01  Drone  
  13  0:13  Overlord  
  13  0:18  Drone  
  14  0:32  Drone x2  
  16  0:36  Drone  
  17  0:45  Drone  
  18  0:56  Drone  
  19  1:00  Extractor  
  19  1:01  Hatchery  
  17  1:14  Spawning Pool  
  17  1:16  Drone  
  17  1:21  Drone  
  18  1:28  Drone  
  19  1:40  Overlord  
  19  2:00  Queen  
  21  2:01  Zergling x4  
  21  2:03  Metabolic Boost  
  23  2:12  Queen  
  23  2:13  Drone  
  23  2:14  Drone  
  27  2:22  Drone  
  28  2:26  Drone  
  29  2:36  Hatchery  
  28  2:40  Zergling x2  
  28  2:42  Drone  
  30  2:48  Drone  
  30  2:49  Queen  
  33  2:55  Overlord  
  33  3:01  Drone x2  
  33  3:05  Drone  
  36  3:13  Overlord  
  36  3:14  Drone x2  
  36  3:15  Drone  
  36  3:19  Zergling x2  
  40  3:22  Zergling x4  
  40  3:23  Zergling x2  
  40  3:24  Drone  
  44  3:31  Queen  
  44  3:33  Drone  
  47  3:35  Drone  
  48  3:42  Overlord  
  48  3:43  Drone x2  
  48  3:46  Drone  
  48  3:48  Drone  
  52  3:51  Drone  
  52  3:55  Overlord  
  53  3:57  Drone  
  53  3:58  Drone  
  55  4:03  Lair  
  55  4:09  Extractor  
  54  4:11  Drone x4  
  54  4:15  Drone  
  59  4:18  Drone x2  
  59  4:21  Drone  
  59  4:22  Drone  
  63  4:25  Drone x2  
  63  4:28  Overlord  
  65  4:32  Drone, Extractor  
  65  4:34  Extractor  
  65  4:35  Overlord  
  65  4:38  Spore Crawler  
  63  4:40  Overlord  
  63  4:41  Overlord  
  63  4:43  Spore Crawler  
  62  4:48  Drone x2  
  62  4:50  Drone x2  
  66  4:53  Overlord  
  66  4:55  Drone  
  66  4:56  Drone  
  68  5:03  Drone, Hydralisk Den  
  68  5:05  Drone  
  68  5:07  Drone x3  
  68  5:12  Overlord  
  68  5:13  Zergling x2  
  68  5:14  Zergling x10  
  77  5:17  Overseer  
  77  5:19  Overlord  
  77  5:22  Spore Crawler  
  77  5:25  Zergling x6  
  77  5:27  Overlord  
  79  5:34  Muscular Augments, Drone, Overlord  
  79  5:40  Hydralisk x3  
  85  5:46  Overlord  
  85  5:48  Baneling Nest, Hydralisk  
  85  5:53  Drone  
  85  5:54  Drone x3  
  85  5:55  Hydralisk  
  89  6:03  Hydralisk x2  
  89  6:04  Hydralisk  
  91  6:09  Overlord  
  91  6:11  Hydralisk x2  
  99  6:19  Hydralisk x2  
  99  6:22  Overlord x2  
  99  6:25  Hydralisk  
  105  6:27  Hydralisk  
  105  6:28  Zergling x4  
  109  6:38  Hydralisk x2  
  109  6:47  Zergling x16  
  109  6:53  Overlord  
  116  6:56  Zergling x8  
  118  7:02  Zergling x10  
  118  7:04  Baneling x6  
  118  7:05  Baneling  
  118  7:06  Baneling  
  124  7:08  Zergling x2  
  124  7:12  Baneling  
  124  7:13  Baneling x4  
  122  7:17  Zergling x4  
  120  7:34  Hydralisk x4  
  121  7:47  Hydralisk x3  
  121  7:50  Zergling x18  
  125  8:02  Zergling x8  
Show
View Real Time Build Order
Export as new Build Order

ShoWTimE Protoss 

Build Orders: 1 Gate Expand, Phoenix Opening 

Get SALT Encoding   

  12  0:00  Probe (Chrono Boost)  
  13  0:11  Probe (Chrono Boost)  
  14  0:19  Pylon  
  14  0:22  Probe (Chrono Boost)  
  15  0:37  Probe (Chrono Boost)  
  15  0:40  Gateway  
  16  0:44  Assimilator  
  16  0:49  Probe (Chrono Boost)  
  17  1:00  Probe (Chrono Boost)  
  18  1:10  Probe (Chrono Boost)  
  19  1:23  Nexus  
  19  1:27  Probe (Chrono Boost)  
  20  1:37  Cybernetics Core  
  20  1:39  Probe (Chrono Boost)  
  21  1:45  Assimilator  
  21  1:50  Probe (Chrono Boost)  
  22  1:54  Pylon  
  22  2:00  Probe (Chrono Boost)  
  23  2:10  Adept  
  23  2:14  Probe (Chrono Boost), Warp Gate  
  26  2:26  Probe (Chrono Boost)  
  27  2:35  Stargate  
  27  2:36  Probe (Chrono Boost)  
  29  2:38  Probe (Chrono Boost), Adept  
  31  2:46  Probe (Chrono Boost)  
  31  2:50  Probe (Chrono Boost)  
  33  2:53  Pylon  
  33  2:57  Probe (Chrono Boost)  
  34  3:03  Probe (Chrono Boost), Adept  
  35  3:09  Mothership Core (Chrono Boost)  
  39  3:15  Probe (Chrono Boost)  
  39  3:18  Phoenix  
  40  3:26  Adept  
  44  3:27  Probe (Chrono Boost)  
  44  3:28  Probe (Chrono Boost)  
  44  3:31  Pylon  
  46  3:39  Probe (Chrono Boost)  
  46  3:40  Probe (Chrono Boost)  
  48  3:42  Phoenix  
  50  3:51  Probe (Chrono Boost)  
  50  3:53  Probe (Chrono Boost)  
  53  4:03  Probe (Chrono Boost)  
  53  4:05  Probe (Chrono Boost), Nexus  
  53  4:08  Pylon  
  54  4:14  Pylon, Phoenix  
  54  4:15  Probe (Chrono Boost)  
  55  4:22  Probe (Chrono Boost)  
  58  4:27  Probe (Chrono Boost)  
  58  4:30  Gateway  
  59  4:34  Probe (Chrono Boost)  
  59  4:38  Gateway, Phoenix  
  61  4:39  Probe (Chrono Boost)  
  61  4:45  Assimilator  
  64  4:46  Probe (Chrono Boost)  
  64  4:47  Assimilator  
  64  4:51  Probe (Chrono Boost)  
  65  4:55  Forge  
  65  4:58  Probe (Chrono Boost)  
  65  4:59  Phoenix  
  66  5:03  Probe (Chrono Boost)  
  69  5:10  Probe (Chrono Boost)  
  68  5:16  Gateway x2  
  68  5:17  Probe (Chrono Boost)  
  70  5:21  Probe (Chrono Boost)  
  70  5:22  Probe (Chrono Boost)  
  70  5:26  Protoss Ground Weapons Level 1  
  72  5:29  Probe (Chrono Boost)  
  72  5:32  Probe (Chrono Boost)  
  72  5:34  Probe (Chrono Boost)  
  74  5:39  Robotics Facility  
  74  5:41  Probe (Chrono Boost), Robotics Facility  
  76  5:42  Probe (Chrono Boost)  
  76  5:45  Sentry  
  76  5:46  Probe (Chrono Boost)  
  79  5:53  Probe x2 (Chrono Boost)  
  79  5:56  Assimilator  
  82  5:58  Zealot, Sentry, Probe (Chrono Boost)  
  82  6:00  Twilight Council  
  82  6:02  Assimilator  
  82  6:03  Probe (Chrono Boost)  
  88  6:05  Probe (Chrono Boost)  
  88  6:07  Pylon  
  88  6:11  Probe (Chrono Boost)  
  89  6:14  Probe (Chrono Boost)  
  89  6:15  Gateway  
  89  6:18  Probe (Chrono Boost)  
  91  6:20  Pylon  
  91  6:21  Zealot  
  91  6:22  Pylon  
  91  6:25  Pylon  
  93  6:30  Immortal  
  93  6:32  Observer  
  98  6:34  Gateway  
  98  6:37  Pylon  
  98  6:41  Charge  
  98  6:44  Zealot x4  
  98  6:45  Zealot  
  104  6:49  Photon Cannon  
  104  6:51  Photon Cannon  
  104  7:00  Immortal  
  108  7:06  Immortal  
  108  7:12  Stalker x2  
  116  7:16  Templar Archives  
  116  7:20  Gateway  
  116  7:28  Pylon  
  114  7:35  Pylon  
  114  7:36  Pylon  
  114  7:37  Pylon  
  112  7:46  Sentry  
  112  7:47  Zealot x3, Sentry  
  110  7:55  Sentry  
  110  7:56  Stalker  
  109  8:03  Mothership Core (Chrono Boost)  
  103  8:08  Zealot x3  

Tags
 
Add a new tag
Caveats
  • Supply blocks, unpowered buildings, or Contaminate may cause inaccurate times.
  • Supply counts are checked every 10 seconds.